 Dungeon Crawl Stone Soup version 0.13-b1-24-g18a6e78 (webtiles) character file.

1640 4tharraofdagon the Firebug (level 8, -3/46 HPs)
             Began as an Octopode Fire Elementalist on Oct 3, 2013.
             Was a Follower of Vehumet.
             Slain by an orc wizard
             ... wielding a -1,+0 orcish flail
              (4 damage)
             ... on Level 8 of the Dungeon.
             The game lasted 00:13:58 (1981 turns).

4tharraofdagon the Firebug (OpFE)                   Turns: 1981, Time: 00:13:59

HP  -3/46        AC  1     Str  7      XL: 8   Next: 75%
MP  17/27        EV 12     Int 19      God: Vehumet [*.....]
Gold 188         SH  0     Dex 13      Spells:  4 memorised,  2 levels left

Res.Fire  : . . .   See Invis. : .   q - staff of air
Res.Cold  : . . .   Warding    : .   (no shield)
Life Prot.: . . .   Conserve   : .   (helmet restricted)
Res.Poison: .       Res.Corr.  : .   (no amulet)
Res.Elec. : +       Clarity    : +   f - ring of magical power
Sust.Abil.: . .     Spirit.Shd : .   (no ring)
Res.Mut.  : .       Stasis     : .   (no ring)
Res.Rott. : .       Flight     : .   (no ring)
Saprovore : . . .                    (no ring)
                                     (no ring)
                                     (no ring)
                                     (no ring)

@: slightly resistant to hostile enchantments, quite stealthy
A: almost no armour, amphibious, 8 rings, constrict 8, camouflage 1, clarity, AC
+1
a: Renounce Religion


You were on level 8 of the Dungeon.
You worshipped Vehumet.
Vehumet was aware of your devotion.
You were very hungry.

You visited 2 branches of the dungeon, and saw 9 of its levels.

You collected 168 gold pieces.

Inventory:

Hand weapons
 h - a +0,+0 dwarven flail
 j - a +1,+0 dwarven crossbow
 o - a +0,+2 mace of draining
Armour
 p - a +0 leather armour
Magical devices
 u - a wand of polymorph (19) {unknown}
Comestibles
 c - a bread ration
 s - a meat ration
 x - a rotting chunk of giant frog flesh
Scrolls
 a - 3 scrolls of remove curse
 d - a scroll of curse armour {unknown}
 e - a scroll of curse jewellery {unknown}
 i - 2 scrolls of blinking {unknown}
 k - 2 scrolls of identify {unknown}
 r - 2 scrolls of curse weapon {unknown}
 t - a scroll of immolation {unknown}
 y - 2 scrolls of enchant weapon II {unknown}
Jewellery
 f - a ring of magical power (left tentacle)
Potions
 g - a potion of brilliance
 l - a potion of poison {unknown}
 m - a potion of curing {unknown}
 v - 2 potions of blood {unknown}
Books
 b - a book of Flames

   Spells                             Type                      Level
   *Flame Tongue                      Conjuration/Fire             1
   Throw Flame                        Conjuration/Fire             2
   *Conjure Flame                     Conjuration/Fire             3
   Inner Flame                        Hexes/Fire                   3
   *Sticky Flame                      Conjuration/Fire             4
   *Fireball                          Conjuration/Fire             5
Magical staves
 n - an uncursed staff of earth
 q - an uncursed staff of air (weapon)


   Skills:
 - Level 2.0 Dodging
 - Level 2.6 Stealth
 + Level 4.1 Spellcasting
 * Level 6.7 Conjurations
 * Level 7.3 Fire Magic


You had 2 spell levels left.
You knew the following spells:

 Your Spells              Type           Power        Failure   Level  Hunger
a - Flame Tongue          Conj/Fire      ####.        1%          1    None
b - Conjure Flame         Conj/Fire      ####....     1%          3    ###....
c - Sticky Flame          Conj/Fire      ####....     10%         4    ####...
d - Fireball              Conj/Fire      ####......   21%         5    #####..


Dungeon Overview and Level Annotations

Branches:
Dungeon (8/27)             Temple (1/1) D:5
    Orc: D:6-11        Lair: D:8-13

Altars:
Elyvilon
Fedhas
Kikubaaqudgha
Makhleb
Okawaru
Vehumet
Yredelemnul

Annotations:
D:6 Eustachio


Innate Abilities, Weirdness & Mutations

You cannot wear most types of armour.
You are amphibious.
You can wear up to eight rings at the same time.
You can use your tentacles to constrict many enemies at once.
Your skin changes colour to match your surroundings (Stlth).
Your rubbery body absorbs attacks (AC +1).
You possess an exceptional clarity of mind.


Message History

Confirm with . or Enter, or press ? or * to list all spells.
Aiming: Flame Tongue
Press: ? - help, Shift-Dir - straight line, f - orc wizard
Aim: an orc wizard, wielding an orcish flail and wearing an orcish robe (moving very quickly)
The flame hits the orc wizard.
The orc wizard is heavily wounded.
The orc wizard casts a spell at you. The puff of flame hits you!
* * * LOW HITPOINT WARNING * * *
Casting: Flame Tongue
Confirm with . or Enter, or press ? or * to list all spells.
Aiming: Sticky Flame
Press: ? - help, Shift-Dir - straight line, f/p - orc wizard
Aim: an orc wizard, wielding an orcish flail and wearing an orcish robe (heavily wounded, moving very quickly)
The sticky flame hits the orc wizard.
The orc wizard is almost dead.
The orc wizard is covered in liquid flames!
The orc wizard burns!
The orc wizard hits you with an orcish flail.
You die...

####.....#.#..#..#...#
##.#..####...##...#
#..#.. #...# #..
.#..#####.#.#.# .#.#.
#.#.#.#.# #...
#...#...# .. ###..#..#
#.#.o..## ##.##@.##
#o#.#...# #.##.##.#
#.###)#..# #.# ##.###
#.# #.# #.# ## o.. .##


You could see an orc wizard (burning).

Vanquished Creatures
  The ghost of 4tharraofdagon the Gusty, an average TeAE of Sif Muna (D:5)
  A hill giant skeleton (D:6)
  A hungry ghost (D:8)
  2 sky beasts (D:8)
  An ogre (D:5)
  2 phantoms (D:6)
  2 centaurs
  A giant frog (D:6)
  2 crimson imps (D:8)
  2 jellies
  A scorpion (D:6)
  An iguana (D:5)
  2 worker ants
  An orc wizard (D:8)
  2 worker ant zombies (D:5)
  7 adders
  7 orcs
  A ball python (D:5)
  2 giant cockroaches
  2 goblins
  2 hobgoblins (D:5)
  4 jackals (D:5)
  8 kobolds
  3 quokkas
  5 bats
  2 giant newts
  A giant newt skeleton (D:5)
  2 hobgoblin skeletons
  4 rats
  A rat skeleton (D:4)
73 creatures vanquished.

Notes
Turn   | Place    | Note
--------------------------------------------------------------
     0 | D:1      | 4tharraofdagon, the Octopode Fire Elementalist, began the quest for the Orb.
     0 | D:1      | Reached XP level 1. HP: 11/11 MP: 3/3
    93 | D:1      | hurdos: Did you try KoCj?
   105 | D:1      | 4tharraofdagon: ill try
   131 | D:1      | 4tharraofdagon: any good
   177 | D:2      | Reached XP level 2. HP: 4/17 MP: 0/4
   223 | D:2      | hurdos: idk
   317 | D:2      | hurdos: I found this combo in wiki
   317 | D:2      | 4tharraofdagon: whats conj apt on ko
   409 | D:3      | Reached XP level 3. HP: 14/21 MP: 5/5
   414 | D:3      | Learned a level 3 spell: Conjure Flame
   426 | D:3      | hurdos: Ko: Fighting: 1, Short: 3!, Long: -2, Axes: -1, Maces: 0, Polearms: -2, Staves: -1, Slings: 2, Bows: -1, Xbows: 2!, Throw: 3!, Armour: -2, Dodge: 2, Stealth: 4, Stab: 2, Shields: -2, Traps: 0, UC: 0, Splcast: -1, Conj: -1, Hexes: 0, Charms: -2, Summ: 0, Nec: 0, Tloc: 0, Tmut: -1, Fire: 0, Ice: 0, Air: 0, Earth: 0, Poison: 0, Inv: 1, Evo: 3, Exp: 1!, HP: -2, MP: 0
   445 | D:3      | hurdos: -1
   445 | D:3      | 4tharraofdagon: not so bad
   523 | D:4      | hurdos: yep
   635 | D:4      | Reached skill level 4 in Fire Magic
   635 | D:4      | Reached XP level 4. HP: 27/27 MP: 7/7
   674 | D:5      | Entered Level 5 of the Dungeon
   727 | D:5      | Noticed a centaur
   738 | D:5      | Killed a centaur
   738 | D:5      | Reached XP level 5. HP: 5/31 MP: 7/9
   766 | D:5      | Learned a level 4 spell: Sticky Flame
   796 | D:5      | Noticed 4tharraofdagon's ghost (average TeAE)
   811 | D:5      | Killed 4tharraofdagon's ghost
   811 | D:5      | Reached skill level 5 in Fire Magic
   811 | D:5      | Reached XP level 6. HP: 8/36 MP: 11/11
   890 | D:6      | Reached XP level 7. HP: 7/41 MP: 9/13
   922 | D:6      | Noticed a hill giant skeleton
   981 | D:5      | Noticed an ogre
  1021 | D:5      | Killed an ogre
  1053 | D:5      | Found a staircase to the Ecumenical Temple.
  1059 | Temple   | Entered the Ecumenical Temple
  1137 | Temple   | Became a worshipper of Vehumet
  1164 | D:5      | 4tharraofdagon: there :D
  1202 | D:5      | hurdos: good start
  1363 | D:5      | Reached skill level 5 in Conjurations
  1434 | D:6      | hurdos: what do you think about the combo: subl. blood HP -> Mak Rest HP -> kill all around ?
  1456 | D:6      | 4tharraofdagon: well sounds good
  1456 | D:6      | 4tharraofdagon: but getting spells with mak is really random
  1456 | D:6      | 4tharraofdagon: if you want to become pure caster
  1456 | D:6      | 4tharraofdagon: its better to use sublim along with veh
  1487 | D:6      | Noticed Eustachio
  1566 | D:6      | Killed a hill giant skeleton
  1566 | D:6      | Reached skill level 6 in Fire Magic
  1596 | D:6      | Acquired Vehumet's first power
  1596 | D:6      | Offered knowledge of Sandblast by Vehumet.
  1596 | D:6      | Reached XP level 8. HP: 26/46 MP: 1/16
  1684 | D:7      | Learned a level 5 spell: Fireball
  1692 | D:7      | Gained mutation: You possess an exceptional clarity of mind. [potion of beneficial mutation]
  1693 | D:7      | hurdos: yep, Mak does not get spells
  1809 | D:8      | 1
  1840 | D:8      | Reached skill level 7 in Fire Magic
  1936 | D:8      | 4tharraofdagon: hah what a bad staves
  1980 | D:8      | HP: 1/46 [orc wizard/puff of flame (11)]
  1981 | D:8      | Slain by an orc wizard

Action                   |  1- 3 |  4- 6 |  7- 9 || total
-------------------------+-------+-------+-------++-------
Melee: Unarmed           |     6 |       |       ||     6
       Flail             |     5 |       |       ||     5
       Staff             |       |       |    43 ||    43
 Cast: Flame Tongue      |    41 |    26 |    69 ||   136
       Conjure Flame     |     1 |     4 |    11 ||    16
       Sticky Flame      |       |       |     7 ||     7
       Fireball          |       |       |     1 ||     1
  Use: Potion            |       |       |     4 ||     4
       Scroll            |       |       |     1 ||     1
 Stab: Sleeping          |     1 |       |     1 ||     2
